 Dungeon Crawl Stone Soup version 0.21.1-74-g47da925 (webtiles) character file.

44966 asishallab the Blocker (level 14, -2/110 HPs)
             Began as a Gnoll Skald on Aug 14, 2018.
             Was the Champion of Okawaru.
             Slain by a fire dragon (3 damage)
             ... on level 15 of the Dungeon.
             The game lasted 01:11:45 (16967 turns).

asishallab the Blocker (Gnoll Skald)               Turns: 16967, Time: 01:11:47

Health: -2/110     AC: 20    Str: 17    XL:     14   Next: 31%
Magic:  0/28       EV: 19    Int: 24    God:    Okawaru [******]
Gold:   675        SH:  9    Dex: 22    Spells: 16/33 levels left

rFire    . . .     SeeInvis +   b - +7 broad axe
rCold    . . .     Gourm    .   v - +1 buckler {reflect}
rNeg     + . .     Faith    .   f - +6 ring mail of Kewaowu {rN+ Str+4 Int+3 SInv}
rPois    .         Spirit   +   G - +0 hat {MR+}
rElec    .         Reflect  +   t - +0 cloak
rCorr    .         Harm     .   L - +0 pair of gloves
MR       ++...                  (no boots)
Stlth    ++++......             u - amulet of guardian spirit
HPRegen  0.28/turn              w - +4 ring of protection
MPRegen  0.21/turn              n - ring of Zin's Regard {AC+1 Int+4 Dex+3}

@: shrouded, singing, studying Shields
A: distributed training, fangs 1, strong nose
a: Heroism, Finesse, Renounce Religion


You were on level 15 of the Dungeon.
You worshipped Okawaru.
Okawaru was exalted by your worship.
You were not hungry.

You visited 2 branches of the dungeon, and saw 16 of its levels.
You also visited: Bailey.

You collected 915 gold pieces.
You spent 240 gold pieces at shops.

Inventory:

Hand Weapons
 a - a +1 hunting sling of flaming
 b - a +7 broad axe (weapon)
 h - a +4 short sword
 E - a +1 flail of holy wrath
Missiles
 e - 519 stones
 m - 31 tomahawks
 p - 72 sling bullets
 s - 7 tomahawks of returning
 y - 3 throwing nets
 J - 8 javelins
 S - 12 javelins of returning (quivered)
Armour
 f - the +6 ring mail of Kewaowu (worn) {rN+ Str+4 Int+3 SInv}
   (You found it on level 4 of the Dungeon)

   It affects your strength (+4).
   It affects your intelligence (+3).
   It protects you from negative energy.
   It lets you see invisible.
 l - a +0 shield
 t - a +0 cloak (worn)
 v - a +1 buckler of reflection (worn)
 G - a +0 hat of magic resistance (worn)
 L - a +0 pair of gloves (worn)
Jewellery
 n - the ring of Zin's Regard (right hand) {AC+1 Int+4 Dex+3}
   (You found it on level 5 of the Dungeon)

   [ring of protection]

   It affects your AC (+1).
   It affects your intelligence (+4).
   It affects your dexterity (+3).
 u - an amulet of guardian spirit (around neck)
 w - a +4 ring of protection (left hand)
 M - an uncursed ring of magical power
 O - an uncursed ring of poison resistance
 W - an uncursed ring of resist corrosion
 Y - an uncursed ring of magical power
Wands
 r - a wand of disintegration (18)
 R - a wand of scattershot (4)
Scrolls
 g - 3 scrolls of enchant armour
 i - 2 scrolls of magic mapping
 j - 4 scrolls of fog
 k - 2 scrolls of identify
 o - 4 scrolls of amnesia
 x - 3 scrolls of remove curse
 A - a scroll of silence
 I - 8 scrolls of teleportation
 N - 2 scrolls of blinking
 Q - a scroll of fear
Potions
 q - a potion of resistance
 z - 2 potions of might
 B - 2 potions of curing
 C - 3 potions of invisibility
 D - 3 potions of flight
 F - 2 potions of lignification
 K - 3 potions of brilliance
 P - 2 potions of heal wounds
 X - 2 potions of cancellation
Books
 c - a book of Necromancy

   Spells                             Type                      Level
   a - Pain                           Necromancy                   1
   b - Animate Skeleton               Necromancy                   1
   c - Vampiric Draining              Necromancy                   3
   d - Regeneration                   Charms/Necromancy            3
   e - Animate Dead                   Necromancy                   4
   f - Borgnjor's Vile Clutch         Necromancy/Earth             5
 V - a manual of Shields
 Z - a book of Clouds

   Spells                             Type                      Level
   a - Poisonous Vapours              Poison/Air                   2
   b - Mephitic Cloud                 Conjuration/Poison/Air       3
   c - Conjure Flame                  Conjuration/Fire             3
   d - Freezing Cloud                 Conjuration/Ice/Air          6
   e - Ring of Flames                 Charms/Fire                  7
Comestibles
 d - 12 rations
 H - 6 chunks of flesh


   Skills:
 + Level 10.0 Fighting
 + Level 8.8 Short Blades
 + Level 8.8 Long Blades
 + Level 10.0 Axes
 + Level 8.8 Maces & Flails
 + Level 8.8 Polearms
 + Level 8.8 Staves
 + Level 8.8 Slings
 + Level 8.8 Bows
 + Level 8.8 Crossbows
 + Level 8.8 Throwing
 + Level 9.2 Armour
 + Level 10.0 Dodging
 + Level 8.8 Stealth
 + Level 10.5 Shields
 + Level 8.8 Unarmed Combat
 + Level 10.1 Spellcasting
 + Level 7.3 Conjurations
 + Level 7.3 Hexes
 + Level 9.2 Charms
 + Level 7.3 Summonings
 + Level 7.3 Necromancy
 + Level 7.3 Translocations
 + Level 7.3 Transmutations
 + Level 7.3 Fire Magic
 + Level 7.3 Ice Magic
 + Level 7.3 Air Magic
 + Level 7.3 Earth Magic
 + Level 7.3 Poison Magic
 + Level 9.6 Invocations
 + Level 8.8 Evocations


You had 16 spell levels left.
You knew the following spells:

 Your Spells              Type           Power        Failure   Level  Hunger
a - Infusion              Chrm           ####         1%          1    None
b - Shroud of Golubria    Chrm/Tloc      ######....   1%          2    None
c - Song of Slaying       Chrm           ######..     1%          2    None
d - Spectral Weapon       Hex/Chrm       ######..     1%          3    None
e - Regeneration          Chrm/Necr      ######....   1%          3    None
f - Mephitic Cloud        Conj/Pois/Air  #####...     1%          3    None
g - Vampiric Draining     Necr           #####.....   1%          3    None


Dungeon Overview and Level Annotations

Branches:
Dungeon (15/15)            Temple (1/1) D:4            Lair (0/6) D:11
    Orc (0/2) D:11         Vaults (0/5) D:14
 Depths: D:15

Altars:
Ashenzari
Cheibriados
Dithmenos
Elyvilon
Fedhas
Gozag
Hepliaklqana
Kikubaaqudgha
Makhleb
Nemelex Xobeh
Okawaru
Qazlal
Ru
Sif Muna
Trog
Uskayaw
Vehumet
Wu Jian
Xom
Yredelemnul
Zin
The Shining One

Shops:
D:7 =   D:12 *


Innate Abilities, Weirdness & Mutations

Your experience applies equally to all skills.
You have very sharp teeth.
Your uncanny sense of smell can sniff out nearby items.


Message History

The fire dragon barely misses you.
The fire dragon tramples you but does no damage.
You slash the fire dragon!
The fire dragon is severely wounded.
The fire dragon breathes flames at you. The blast of flame hits you!
You slash the fire dragon!
The fire dragon is almost dead.
The death knight's dark mirror aura disappears.
You block the fire dragon's attack.
The fire dragon claws you but does no damage.
You block the fire dragon's attack.
You hit the fire dragon but do no damage.
You bite the fire dragon, but do no damage.
The fire dragon is almost dead.
The fire dragon breathes flames at you. The blast of flame hits you!
* * * LOW HITPOINT WARNING * * *
The fire dragon bites you.
You die...

#### ..# #.#
#.# #@# #D#
###l### (
#.Tp..#
....#.≈(≈.#
#(.!(≈(..##
#.(...≈≈..#
#........<##
#(###.......#


You could see a fire dragon, a death knight, a komodo dragon and a troll.

Vanquished Creatures
  Frances (D:13)
  Azrael (D:14)
  A yaktaur captain (D:14)
  A hydra (D:12)
  A centaur warrior (D:15)
  A death knight (D:14)
  3 two-headed ogres
  The ghost of flestrin the Basher, a journeyman GrFi of Qazlal (D:12)
  Urug (D:14)
  2 tengu warriors (D:12)
  Nergalle (D:11)
  An unseen horror (D:15)
  An orc knight (D:15)
  A manticore (D:11)
  2 ugly things
  A cyclops (D:11)
  5 gargoyles (D:8)
  2 komodo dragons
  7 yaktaurs
  A queen bee (D:8)
  4 trolls
  2 hornets
  3 hippogriffs
  6 slime creatures (D:12)
  3 shadows
  10 yaks
  7 wyverns
  A fire elemental (D:14)
  4 wraiths
  Grum (D:9)
  A basilisk (D:13)
  A chaos spawn (D:12)
  A steam dragon (D:12)
  2 hungry ghosts
  8 vampire mosquitoes
  Menkaure (D:7)
  2 wargs (D:11)
  An acid dragon (D:14)
  A soldier ant (D:13)
  2 water moccasins
  3 hell hounds (D:14)
  3 sky beasts
  5 ice beasts
  2 phantoms
  A necrophage (D:7)
  17 orc warriors
  5 ogres
  An eye of draining (D:13)
  2 wolves (D:9)
  19 centaurs
  The ghost of dscm the Grave Robber, an amateur DsNe (D:4)
  A big kobold (D:12)
  7 bullfrogs
  A gnoll sergeant (D:8)
  5 scorpions
  20 killer bees
  5 wights (D:9)
  8 crimson imps
  3 jellies
  2 quasits
  3 bullfrog zombies
  2 centaur skeletons
  A gnoll shaman (D:7)
  8 orc priests
  4 bullfrog skeletons
  10 orc wizards
  7 hounds
  Jessica (D:2)
  9 worker ants
  Natasha (thrice) (D:2)
  8 iguanas
  A hound skeleton (D:11)
  A howler monkey zombie (D:9)
  Robin (D:4)
  9 adders
  11 gnolls
  A howler monkey skeleton (D:6)
  2 shadow imps
  An ooze (D:1)
  An adder skeleton (D:4)
  An adder zombie (D:7)
  2 worms
  3 dart slugs
  12 leopard geckos
  74 orcs
  4 giant cockroaches
  23 goblins
  6 hobgoblins
  4 jackals (D:1)
  5 quokkas
  6 bats
  8 frilled lizards
  12 kobolds
  A leopard gecko skeleton (D:4)
  2 quokka skeletons
  A quokka zombie (D:9)
  10 rats
465 creatures vanquished.

Vanquished Creatures (others)
  A centaur warrior (D:13)
  2 centaurs (D:13)
  A shadow imp (D:13)
  2 spectral weapons
6 creatures vanquished.

Grand Total: 471 creatures vanquished

Notes
Turn   | Place    | Note
-------+----------+-------------------------------------------
     0 | D:1      | asishallab the Gnoll Skald began the quest for the Orb.
     0 | D:1      | Reached XP level 1. HP: 20/20 MP: 6/6
    52 | D:1      | Reached XP level 2. HP: 23/26 MP: 7/7
   521 | D:1      | Reached XP level 3. HP: 31/31 MP: 9/9
   543 | D:1      | Reached skill level 5 in Spellcasting
   840 | D:1      | Learned a level 2 spell: Shroud of Golubria
   843 | D:1      | Learned a level 2 spell: Song of Slaying
   847 | D:1      | Learned a level 3 spell: Spectral Weapon
   851 | D:1      | Learned a level 3 spell: Regeneration
  1149 | D:2      | Reached skill level 1 in Short Blades
  1149 | D:2      | Reached skill level 1 in Long Blades
  1149 | D:2      | Reached skill level 1 in Maces & Flails
  1149 | D:2      | Reached skill level 1 in Polearms
  1149 | D:2      | Reached skill level 1 in Staves
  1149 | D:2      | Reached skill level 1 in Slings
  1149 | D:2      | Reached skill level 1 in Bows
  1149 | D:2      | Reached skill level 1 in Crossbows
  1149 | D:2      | Reached skill level 1 in Throwing
  1149 | D:2      | Reached skill level 1 in Stealth
  1149 | D:2      | Reached skill level 1 in Shields
  1149 | D:2      | Reached skill level 1 in Unarmed Combat
  1149 | D:2      | Reached skill level 1 in Invocations
  1149 | D:2      | Reached skill level 1 in Evocations
  1149 | D:2      | Reached XP level 4. HP: 36/38 MP: 11/11
  1168 | D:2      | Reached skill level 1 in Conjurations
  1168 | D:2      | Reached skill level 1 in Hexes
  1168 | D:2      | Reached skill level 1 in Summonings
  1168 | D:2      | Reached skill level 1 in Necromancy
  1168 | D:2      | Reached skill level 1 in Translocations
  1168 | D:2      | Reached skill level 1 in Transmutations
  1168 | D:2      | Reached skill level 1 in Fire Magic
  1168 | D:2      | Reached skill level 1 in Ice Magic
  1168 | D:2      | Reached skill level 1 in Air Magic
  1168 | D:2      | Reached skill level 1 in Earth Magic
  1168 | D:2      | Reached skill level 1 in Poison Magic
  1263 | D:2      | Reached XP level 5. HP: 42/43 MP: 5/12
  1450 | D:2      | Noticed Jessica
  1454 | D:2      | Killed Jessica
  1530 | D:2      | Found a shattered altar of Ashenzari.
  1590 | D:2      | Noticed Natasha
  1595 | D:2      | Killed Natasha
  1644 | D:2      | Noticed Natasha
  1673 | D:2      | Killed Natasha
  1673 | D:2      | Reached XP level 6. HP: 50/50 MP: 7/13
  1764 | D:2      | Noticed Natasha
  1770 | D:2      | Killed Natasha
  2552 | D:4      | Noticed Robin
  2626 | D:4      | Killed Robin
  2628 | D:4      | Reached skill level 5 in Fighting
  2628 | D:4      | Reached skill level 5 in Axes
  2628 | D:4      | Reached skill level 5 in Dodging
  2678 | D:4      | Noticed dscm's ghost (amateur DsNe)
  2688 | D:4      | Killed dscm's ghost
  2784 | D:4      | Got a pitted ring mail
  2799 | D:4      | Identified the +6 ring mail of Kewaowu {rN+ Str+4 Int+3 SInv} (You found it on level 4 of the Dungeon)
  2891 | D:4      | Reached XP level 7. HP: 56/56 MP: 15/15
  3260 | D:4      | Found a staircase to the Ecumenical Temple.
  3269 | Temple   | Entered the Ecumenical Temple
  3363 | Temple   | Became a worshipper of Warmaster Okawaru
  3646 | D:5      | Entered Level 5 of the Dungeon
  3817 | D:5      | Reached XP level 8. HP: 63/63 MP: 16/16
  4148 | D:5      | Got a translucent bone ring
  4511 | D:6      | Reached * piety under Okawaru
  4877 | D:7      | Noticed Menkaure
  4884 | D:7      | Killed Menkaure
  4952 | D:7      | Reached XP level 9. HP: 69/69 MP: 15/18
  5012 | D:7      | Reached ** piety under Okawaru
  5281 | D:7      | Found Bypheges's Jewellery Boutique.
  5389 | D:7      | Bought an uncursed ring of magical power for 240 gold pieces
  5392 | D:7      | Identified the ring of Zin's Regard {AC+1 Int+4 Dex+3} (You found it on level 5 of the Dungeon)
  5519 | D:7      | Reached skill level 5 in Armour
  6011 | D:8      | Reached *** piety under Okawaru
  6019 | D:8      | Reached skill level 5 in Invocations
  6026 | D:8      | Noticed a queen bee
  6036 | D:8      | Killed a queen bee
  6038 | D:8      | Reached XP level 10. HP: 54/77 MP: 8/20
  6586 | D:8      | Noticed a gargoyle
  6610 | D:8      | Killed a gargoyle
  6610 | D:8      | Reached **** piety under Okawaru
  6610 | D:8      | Reached skill level 5 in Short Blades
  6610 | D:8      | Reached skill level 5 in Long Blades
  6610 | D:8      | Reached skill level 5 in Maces & Flails
  6610 | D:8      | Reached skill level 5 in Polearms
  6610 | D:8      | Reached skill level 5 in Staves
  6610 | D:8      | Reached skill level 5 in Slings
  6610 | D:8      | Reached skill level 5 in Bows
  6610 | D:8      | Reached skill level 5 in Crossbows
  6610 | D:8      | Reached skill level 5 in Throwing
  6610 | D:8      | Reached skill level 5 in Stealth
  6610 | D:8      | Reached skill level 5 in Shields
  6610 | D:8      | Reached skill level 5 in Unarmed Combat
  6610 | D:8      | Reached skill level 5 in Evocations
  6732 | D:8      | Noticed a gargoyle
  6749 | D:8      | Killed a gargoyle
  6795 | D:8      | Noticed a gargoyle
  6819 | D:8      | Killed a gargoyle
  7005 | D:8      | Noticed a gargoyle
  7029 | D:8      | Killed a gargoyle
  7237 | D:8      | Noticed a gargoyle
  7255 | D:8      | Killed a gargoyle
  7293 | D:8      | Found a shattered altar of Ashenzari.
  7621 | D:8      | Received a gift from Okawaru
  8608 | D:9      | Received a gift from Okawaru
  8622 | D:9      | Noticed Grum
  8639 | D:9      | Reached XP level 11. HP: 61/84 MP: 1/22
  8727 | D:9      | Reached ***** piety under Okawaru
  8747 | D:9      | Killed Grum
  8747 | D:9      | Received a gift from Okawaru
  9257 | D:10     | Entered Level 10 of the Dungeon
  9308 | D:10     | Reached skill level 5 in Conjurations
  9308 | D:10     | Reached skill level 5 in Hexes
  9308 | D:10     | Reached skill level 5 in Summonings
  9308 | D:10     | Reached skill level 5 in Necromancy
  9308 | D:10     | Reached skill level 5 in Translocations
  9308 | D:10     | Reached skill level 5 in Transmutations
  9308 | D:10     | Reached skill level 5 in Fire Magic
  9308 | D:10     | Reached skill level 5 in Ice Magic
  9308 | D:10     | Reached skill level 5 in Air Magic
  9308 | D:10     | Reached skill level 5 in Earth Magic
  9308 | D:10     | Reached skill level 5 in Poison Magic
 10290 | D:11     | Noticed a cyclops
 10301 | D:11     | Killed a cyclops
 10411 | D:11     | Found a flagged portal.
 10440 | Bailey   | Entered a bailey
 10893 | Bailey   | Received a gift from Okawaru
 11157 | Bailey   | Received a gift from Okawaru
 11358 | Bailey   | Got a pitted executioner's axe
 11359 | Bailey   | Identified the +8 executioner's axe of the Dungeon {chaos, rElec} (You found it in a bailey)
 11369 | Bailey   | Reached XP level 12. HP: 94/94 MP: 24/24
 11757 | D:11     | Noticed Nergalle
 11774 | D:11     | Received a gift from Okawaru
 11782 | D:11     | Killed Nergalle
 11947 | D:11     | Found a staircase to the Orcish Mines.
 12158 | D:11     | Found a staircase to the Lair.
 12176 | D:11     | Reached XP level 13. HP: 90/100 MP: 17/26
 12470 | D:12     | Paralysed by a hornet for 1 turns
 12612 | D:12     | Noticed flestrin's ghost (journeyman GrFi)
 12658 | D:12     | Killed flestrin's ghost
 12658 | D:12     | Received a gift from Okawaru
 13528 | D:12     | Found Gayghahi's General Store.
 14855 | D:13     | Noticed Frances
 14874 | D:13     | Killed Frances
 15366 | D:14     | Noticed Azrael
 15400 | D:14     | Killed Azrael
 15457 | D:14     | Paralysed by a hornet for 1 turns
 15701 | D:14     | Noticed a yaktaur captain
 15702 | D:14     | Found a gate to the Vaults.
 15951 | D:14     | Received a gift from Okawaru
 15953 | D:14     | Reached skill level 10 in Shields
 15953 | D:14     | Reached XP level 14. HP: 76/109 MP: 11/27
 16191 | D:14     | Received a gift from Okawaru
 16463 | D:14     | Noticed Urug
 16478 | D:14     | Killed Urug
 16478 | D:14     | Reached skill level 10 in Spellcasting
 16627 | D:15     | Entered Level 15 of the Dungeon
 16650 | D:15     | Received a gift from Okawaru
 16720 | D:15     | Learned a level 3 spell: Mephitic Cloud
 16726 | D:15     | Learned a level 3 spell: Vampiric Draining
 16829 | D:15     | Received a gift from Okawaru
 16948 | D:15     | Reached ****** piety under Okawaru
 16948 | D:15     | Reached skill level 10 in Fighting
 16948 | D:15     | Reached skill level 10 in Axes
 16948 | D:15     | Reached skill level 10 in Dodging
 16967 | D:15     | HP: 1/110 [fire dragon/blast of flame (36)]
 16967 | D:15     | Slain by a fire dragon

Skill      XL: |  1  2  3  4  5  6  7  8  9 10 11 12 13 14 |
---------------+-------------------------------------------+-----
Spellcasting   | 5 6 7 8 9 10 | 10.1
Short Blades   | 1 2 3 4 5 7 8 |  8.8
Long Blades    | 1 2 3 4 5 7 8 |  8.8
Maces & Flails | 1 2 3 4 5 7 8 |  8.8
Polearms       | 1 2 3 4 5 7 8 |  8.8
Staves         | 1 2 3 4 5 7 8 |  8.8
Slings         | 1 2 3 4 5 7 8 |  8.8
Bows           | 1 2 3 4 5 7 8 |  8.8
Crossbows      | 1 2 3 4 5 7 8 |  8.8
Throwing       | 1 2 3 4 5 7 8 |  8.8
Stealth        | 1 2 3 4 5 7 8 |  8.8
Shields        | 1 2 3 4 5 7 8 10 | 10.5
Unarmed Combat | 1 2 3 4 5 7 8 |  8.8
Invocations    | 1 2 3 4 5 6 7 8 9 |  9.6
Evocations     | 1 2 3 4 5 7 8 |  8.8
Conjurations   | 1 2 3 4 6 7 |  7.3
Hexes          | 1 2 3 4 6 7 |  7.3
Summonings     | 1 2 3 4 6 7 |  7.3
Necromancy     | 1 2 3 4 6 7 |  7.3
Translocations | 1 2 3 4 6 7 |  7.3
Transmutations | 1 2 3 4 6 7 |  7.3
Fire Magic     | 1 2 3 4 6 7 |  7.3
Ice Magic      | 1 2 3 4 6 7 |  7.3
Air Magic      | 1 2 3 4 6 7 |  7.3
Earth Magic    | 1 2 3 4 6 7 |  7.3
Poison Magic   | 1 2 3 4 6 7 |  7.3
Armour         | 3 4 5 6 7 8 9 |  9.2
Fighting       | 5 6 7 8 9 10 | 10.0
Axes           | 5 6 7 8 9 10 | 10.0
Dodging        | 5 6 7 8 9 10 | 10.0
Charms         | 6 7 8 9 |  9.2

Action                   |  1- 3 |  4- 6 |  7- 9 | 10-12 | 13-15 || total
-------------------------+-------+-------+-------+-------+-------++-------
Melee: Hand axe          |    85 |   106 |   211 |   367 |   351 ||  1120
       Bite              |     6 |     8 |    26 |   136 |    85 ||   261
       Punch             |       |     3 |     4 |    28 |       ||    35
       Unarmed           |       |       |       |   366 |       ||   366
       Dagger            |       |       |       |     1 |       ||     1
       Flail             |       |       |       |       |    36 ||    36
       Broad axe         |       |       |       |       |    74 ||    74
 Fire: Hunting sling     |       |    17 |    70 |   107 |    20 ||   214
       Hand crossbow     |       |       |       |       |     4 ||     4
Throw: Stone             |    16 |     5 |       |     5 |       ||    26
       Javelin           |       |    12 |    14 |    47 |    85 ||   158
       Tomahawk          |       |       |       |     4 |       ||     4
 Cast: Infusion          |     1 |       |     1 |     5 |     5 ||    12
       Regeneration      |       |     4 |     7 |    27 |    20 ||    58
       Shroud of Golubri |       |     3 |     6 |    24 |    22 ||    55
       Song of Slaying   |       |     1 |     3 |    16 |    15 ||    35
       Spectral Weapon   |       |       |       |     2 |     5 ||     7
Invok: Heroism           |       |       |       |     3 |     1 ||     4
       Finesse           |       |       |       |     1 |     1 ||     2
Evoke: Wand              |       |       |       |       |     1 ||     1
  Use: Potion            |       |    10 |       |     4 |     5 ||    19
       Scroll            |       |     7 |     1 |    11 |     8 ||    27
 Stab: Sleeping          |       |     1 |     4 |     7 |     3 ||    15
       Distracted        |       |     1 |       |     1 |     1 ||     3
  Eat: Chunk             |     1 |     4 |     9 |     9 |    13 ||    36
       Ration            |       |     1 |     2 |     3 |     1 ||     7
Armor: Leather armour    |    21 |     2 |       |       |       ||    23
       Ring mail         |       |    23 |    78 |   333 |   123 ||   557
Dodge: Dodged            |    62 |    63 |   174 |   812 |   319 ||  1430
Block: Shield            |       |       |       |    33 |   128 ||   161
       Buckler           |       |       |       |       |   123 ||   123
       Reflection        |       |       |       |       |    24 ||    24
